AoeStats
← Horizon

Arabia

508675891Analyzed
1v1 RM · 8d ago on Sep 23, 2026· 17m 50s· 2 players
Game mode
Random Map
Map size
Tiny (2 player)
Population
200
Speed
Normal
Resources
Standard
Victory
Conquest
Starting age
Dark Age
Ending age
Imperial Age
RankedLock teamsTeams togetherTeam positionsShared explorationLock speedFull tech treeHidden civsTurbo modeCheats
Victory
Defeat
🇦🇷 Ethiopians · Argentina
1488
+15
🇵🇰 Ethiopians · Pakistan
1473
-15
Horizon
6:34 Loom
9:49 Feudal Age
10:34 Double-Bit Axe
16:12 Fletching
Luclas
3:28 Loom
10:34 Feudal Age
11:00 Double-Bit Axe
10:37 Man-at-Arms
16:56 Fletching
Connection lost

Rejoining the realm…

Still unreachable

The connection could not be restored.

Session expired

The server has moved on; the page needs a fresh start.